 Dungeon Crawl Stone Soup version 0.22.1-2-g9c5b331 (webtiles) character file.

142 magicm the Skirmisher (level 5, 0/46 HPs)
             Began as a Draconian Berserker on Nov 20, 2018.
             Was a Believer of Trog.
             Succumbed to an orc's poison
             ... on level 3 of the Dungeon.
             The game lasted 00:07:07 (1942 turns).

magicm the Skirmisher (Draconian Berserker)         Turns: 1942, Time: 00:07:07

Health: 0/46       AC:  5    Str: 19    XL:     5   Next: 4%
Magic:  5/5        EV: 13    Int:  7    God:    Trog [**....]
Gold:   73         SH:  4    Dex: 12    Spells: 4/4 levels left

rFire    . . .     SeeInvis .   c - +0 mace (holy)
rCold    + . .     Gourm    .   a - +1 buckler
rNeg     . . .     Faith    .   (armour unavailable)
rPois    .         Spirit   .   (helmet restricted)
rElec    .         Reflect  .   (no cloak)
rCorr    .         Harm     .   (no gloves)
MR       .....                  (no boots)
Stlth    ++........             (no amulet)
HPRegen  0.15/turn              g - ring of stealth
MPRegen  0.09/turn              i - ring of protection from cold

@: lethally poisoned (0 -> -22), berserk cooldown, slowed, very slow
A: unfitting armour, cold-blooded, AC +5
a: Berserk, Trog's Hand, Renounce Religion


You were on level 3 of the Dungeon.
You worshipped Trog.
Trog was pleased with you.
You were not hungry.

You visited 1 branch of the dungeon, and saw 3 of its levels.

You collected 73 gold pieces.

Inventory:

Hand Weapons
 c - a +0 mace of holy wrath (weapon)
Armour
 a - a +1 buckler (worn)
Jewellery
 g - a ring of stealth (left hand)
 i - a ring of protection from cold (right hand)
Potions
 d - 2 potions of curing
 e - a potion of brilliance {unknown}
 f - 4 potions of flight {unknown}
 h - a potion of haste {unknown}
Comestibles
 b - 2 rations


   Skills:
 + Level 4.0 Fighting
   Level 3.4(3.7) Axes
 + Level 1.6(2.8) Maces & Flails
 + Level 3.8 Dodging
 + Level 0.8 Stealth
 + Level 1.0 Shields


You had 4 spell levels left.
You didn't know any spells.
Your spell library was empty.

Dungeon Overview and Level Annotations

Branches:
Dungeon (3/15)

Altars:
Wu Jian


Innate Abilities, Weirdness & Mutations

Your plain brown scales are hard. (AC +5)
You cannot fit into any form of body armour.
You are cold-blooded and may be slowed by cold attacks.


Message History

An adder comes into view.
The orc misses you. The hobgoblin closely misses you.
You completely miss the orc.
The orc is almost dead.
* * * LOW HITPOINT WARNING * * *
You feel sick.
The adder hisses angrily.
You block the orc's attack. The orc warrior closely misses you.
The orc hits you but does no damage.
You thump the orc!
You kill the orc!
Trog accepts your kill.
* * * LOW HITPOINT WARNING * * *
You feel sick. The hobgoblin closely misses you.
The orc warrior barely misses you. The orc hits you but does no damage.
Your shield prevents you from hitting the orc warrior.
You are no longer berserk.
You are exhausted.
You feel yourself slow down.
You die...

...# ##.#.# ......#...#
#.#.##.# ......#....
##.#.##.# #.#........
##.#.##.# #.#$..S...(
##.#.##.### #.#........
...#.#....# #.#......#
...#.#....# #.#og)...#
..........####.#@)....#
...###...........o....#
....##....####.#......#
....##.)..# #.#.#....#
....##....# #.._.....#
.#####....# #.#.######
. #....# ..... . ######
...... .......


You could see an orc warrior, an adder, an orc and a hobgoblin.

Vanquished Creatures
  An orc wizard (D:3)
  6 adders
  3 dart slugs
  2 orcs (D:3)
  4 giant cockroaches
  9 hobgoblins
  2 jackals (D:2)
  7 kobolds
  2 ball pythons (D:2)
  5 bats
  2 frilled lizards
  4 goblins
  7 rats
54 creatures vanquished.

Notes
Turn   | Place    | Note
-------+----------+-------------------------------------------
     0 | D:1      | magicm the Draconian Berserker began the quest for the Orb.
     0 | D:1      | Reached XP level 1. HP: 19/19 MP: 1/1
   150 | D:1      | Reached XP level 2. HP: 26/26 MP: 2/2
   719 | D:1      | Reached XP level 3. HP: 31/33 MP: 3/3
   909 | D:2      | Reached ** piety under Trog
  1238 | D:2      | Reached XP level 4. HP: 40/40 MP: 4/4
  1879 | D:3      | Reached skill level 1 in Maces & Flails
  1911 | D:3      | Found an ornate altar of the Wu Jian Council.
  1922 | D:3      | Noticed an orc warrior
  1939 | D:3      | Reached skill level 4 in Fighting
  1939 | D:3      | Reached skill level 1 in Shields
  1939 | D:3      | Reached XP level 5. HP: 8/46 MP: 5/5
  1941 | D:3      | HP: 3/69 [poisoned by an orc]
  1942 | D:3      | Succumbed to an orc's poison

Skill      XL: |  1  2  3  4 |
---------------+-------------+-----
Dodging        | 3 |  3.8
Maces & Flails | 1 |  1.6
Fighting       | 4 |  4.0
Shields        | 1 |  1.0
Axes           | |  3.4
Stealth        | |  0.8

Action                   |  1- 3 |  4- 6 || total
-------------------------+-------+-------++-------
Melee: Hand axe          |    60 |       ||    60
       Tailslap          |    14 |     8 ||    22
       Mace              |    48 |    71 ||   119
Invok: Berserk           |     1 |     1 ||     2
  Use: Scroll            |     8 |     2 ||    10
 Stab: Sleeping          |       |     3 ||     3
       Distracted        |       |     1 ||     1
  Eat: Ration            |     1 |     1 ||     2
Armor: Skin              |    54 |    32 ||    86
Dodge: Dodged            |    82 |    72 ||   154
Block: Buckler           |    11 |    23 ||    34
